 Dungeon Crawl Stone Soup version 0.30-a0-322-g102857c98e (webtiles) character file.

Game seed: 13686561728457717531

4 blackman the Sneak (level 1, -5/18 HPs)
             Began as a Human Delver on Oct 27, 2022.
             Killed by divine providence
             ... invoked by an orc priest
              (11 damage)
             ... on level 5 of the Dungeon.
             The game lasted 00:00:32 (282 turns).

blackman the Sneak (Human Delver)                    Turns: 282, Time: 00:00:33

Health: -5/18      AC:  4    Str: 12    XL:     1   Next: 77%
Magic:  1/1        EV: 12    Int: 10    God:
Gold:   12         SH:  0    Dex: 14    Spells: 0/0 levels left

rFire   . . .      SeeInvis .    a - +0 falchion
rCold   . . .      Faith    .    (no shield)
rNeg    . . .      Spirit   .    b - +0 leather armour
rPois   .          Reflect  .    (no helmet)
rElec   .          Harm     .    (no cloak)
rCorr   .          Rampage  .    h - +0 pair of gloves
Will    .....                    (no boots)
Stlth   +++.......               (no amulet)
HPRegen 0.23/turn                (no ring)
MPRegen 0.07/turn                (no ring)

@: no status effects
A: no striking features
a: no special abilities


You were on level 5 of the Dungeon.
You visited 1 branch of the dungeon, and saw 1 of its levels.

You collected 12 gold pieces.

Inventory:

Hand Weapons
 a - a +0 falchion (weapon)
Armour
 b - a +0 leather armour (worn)
 h - a +0 pair of gloves (worn)
Wands
 g - a wand of digging (3)
Scrolls
 c - a scroll of fog
 d - a scroll of magic mapping
 e - a scroll of fear
 i - a scroll of teleportation {unknown}
 j - a scroll of silence {unknown}
Potions
 f - a potion of haste


   Skills:
 - Level 3.0 Fighting
 + Level 2.4 Long Blades
 - Level 2.0 Dodging
 - Level 5.0 Stealth


You couldn't memorise any spells.
You didn't know any spells.
Your spell library was empty.

Dungeon Overview and Level Annotations

Branches:
Dungeon (5/15)
 Temple: D:4-7

Altars:


Message History

h - a +0 pair of gloves You start putting on your armour.
You continue putting on your +0 pair of gloves. x4
You finish putting on your +0 pair of gloves.
You open the door.
There is an open door here.
Found an escape hatch in the floor.
No target in view!
There is an escape hatch in the floor here.
Key pressed, stopping explore.
i - a scroll labelled TOV JUZOLETEXTO Key pressed, stopping explore.
You now have 12 gold pieces.
j - a scroll labelled REMAZUIDIX
Found a giant spiked club.
Found a stone staircase leading up.
Found a sling.
Found a stone staircase leading up.
An orc comes into view. It is wielding a +4 flail.
An orc is nearby!
An orc wizard comes into view. It is wielding a +0 dagger.
The orc wizard moves out of view.
Found a scroll labelled JUWKAD BI FUE.
The orc shouts!
You hear a shout! x2
An orc comes into view. It is wielding a +0 club.
You hear a shout!
You slash the orc!
You kill the orc!
An orc priest comes into view. It is wielding a +0 club.
The orc wizard casts a spell.
The orc wizard flickers and vanishes!
Deactivating autopickup; reactivate with Ctrl-A.
The orc priest mumbles some strange prayers to Beogh against you.
Pain shoots through your body!
You see here a +0 giant spiked club.
The orc priest invokes the aid of Beogh against you.
Pain shoots through your body!
* * * LOW HITPOINT WARNING * * *
The orc priest mumbles some strange prayers to Beogh against you.
Beogh smites you!
Ouch! That really hurt!
You die...

.# #..# .#
#..#####.### .#
##....)o...?.
.########
#.....###.#
........#
##......o.#
..#####.#
#....o.).# #.#
#.####........#
#.#
#............##
#.#
#.####....@..#
#.#####.#
#....<..#
#.......#
#.......#
#########
##.###### #<#
#.# .#


You could see an orc priest and an orc.

Vanquished Creatures
  A dart slug (D:5)
  An orc (D:5)
2 creatures vanquished.

Notes
Turn   | Place    | Note
-------+----------+-------------------------------------------
     0 | D:5      | blackman the Human Delver began the quest for the Orb.
     0 | D:5      | Reached XP level 1. HP: 18/18 MP: 1/1
   274 | D:5      | Noticed an orc wizard
   277 | D:5      | Noticed an orc priest
   282 | D:5      | Killed from afar by an orc priest

Illustrated notes

Levels and vault maps discovered:
D:5:      layout_loops_corners

Action                   || total
-------------------------++-------
Melee: Falchion          ||     5
       Punch             ||     1
Dodge: Dodged            ||     1

Table legend: (Time is in decaauts)
 A = Elapsed time spent in this place.
 B = Non-inter-level travel time spent in this place.
 C = Inter-level travel time spent in this place.
 D = Time resting spent in this place.
 E = Time spent auto-exploring this place.
 F = Levels seen in this place.
 G = Mean time per level.
                   A        B        C        D        E       F      G
               +--------+--------+--------+--------+--------+-----+--------+
         Total |    283 |    258 |     25 |      0 |    225 |   1 |  283.0 |
       Dungeon |    283 |    258 |     25 |      0 |    225 |   1 |  283.0 |
               +--------+--------+--------+--------+--------+-----+--------+

Top non-repeatable levels by time:
     D:5: 283 daAuts
